[Event "FIDE Women's Grand Swiss 2023"]
[Site "Villa Marina, Douglas, Isle of Man, Isle Of Man"]
[Date "2023.11.05"]
[Round "11.24"]
[White "Danielian, Elina"]
[Black "Gomez Barrera, Javiera Belen"]
[Result "1-0"]
[TimeControl "40/90 + 30 + 30s/move"]
[WhiteFideId "13300210"]
[BlackFideId "3418723"]
[WhiteElo "2416"]
[BlackElo "2266"]

1. d4 d5 2. c4 e6 3. Nf3 Nf6 4. e3 b6 5. Nbd2 Bb7 6. b3 Bd6 7. Bd3 O-O 8. Bb2 Nbd7 9. Qc2 Re8 10.
O-O h6 11. e4 dxe4 12. Nxe4 Be7 13. Rad1 Qc8 14. Nxf6+ Bxf6 15. Ne5 c5 16. Bh7+ Kf8 17. f4 cxd4 18. Rxd4 Rd8 19. Rfd1 Nxe5 20.
Rxd8+ Bxd8 21. fxe5 Be7 22. Rf1 Qc5+ 23. Kh1 Ke8 24. Bg8 Kd7 25. Bxf7 Rf8 26. Qd3+ Kc7 27. Bxe6 Rd8 28. Qe2 Bg5 29.
Bc3 Kb8 30. Bg4 b5 31. e6 Ka8 32. Bf3 1-0